 Dungeon Crawl Stone Soup version 0.21-a0-264-g3e31e41 (webtiles) character file.

358580 Pnyx the Ninja (level 21, -14/113 HPs)
             Began as a Spriggan Enchanter on Sept 9, 2017.
             Was the Champion of Dithmenos.
             Demolished by Sojobo
             ... wielding a +1 great sword of holy wrath
              (26 damage)
             ... on level 4 of the Vaults.
             The game lasted 02:38:58 (59531 turns).

Pnyx the Ninja (Spriggan Enchanter)                Turns: 59531, Time: 02:38:59

Health: -14/113    AC: 21    Str: 10    XL:     21   Next: 44%
Magic:  25/44      EV: 31    Int: 22    God:    Dithmenos [******]
Gold:   1202       SH:  2    Dex: 17    Spells: 25/56 levels left

rFire    + . .     SeeInvis +   v - +7 rapier (elec)
rCold    + . .     Gourm    .   (shield restricted)
rNeg     . . .     Faith    .   n - +2 robe {rC+ rF+}
rPois    .         Spirit   .   o - +2 hat
rElec    .         Reflect  +   L - +2 cloak
rCorr    .         Harm     .   (gloves unavailable)
MR       +++..                  (boots unavailable)
Stlth    ++++++++++             Q - +2 amulet of reflection
HPRegen  0.28/turn              l - +6 ring of protection
MPRegen  0.29/turn              r - +4 ring of protection

@: very slightly contaminated, wreathed by umbra, constricted, invisible, very
quick
A: unfitting armour, thin metallic scales 1, camouflage 1, see invisible, clever
1, herbivore 3, speed 3, screaming 1, slow metabolism 2
}: 2/15 runes: barnacled, gossamer
a: Shadow Step, Shadow Form, Renounce Religion


You were on level 4 of the Vaults.
You worshipped Dithmenos.
Dithmenos was exalted by your worship.
You were full.

You visited 9 branches of the dungeon, and saw 38 of its levels.
You visited 2 bazaars.
You also visited: Bailey and Ice Cave.

You collected 5073 gold pieces.
You spent 3871 gold pieces at shops.

Inventory:

Hand Weapons
 v - a +7 rapier of electrocution (weapon)
 J - a +9 quick blade of piercing
Missiles
 C - 6 throwing nets (quivered)
Armour
 g - the +1 buckler of True Grit {rPois rCorr}
   (You acquired it on level 2 of the Vaults)

   It protects you from poison.
   It protects you from acid and corrosion.
 n - a +2 robe of resistance (worn)
 o - a +2 hat (worn)
 A - a +2 robe of magic resistance
 L - a +2 cloak (worn)
Jewellery
 l - a +6 ring of protection (left hand)
 p - an uncursed ring of fire
 r - a +4 ring of protection (right hand)
 I - a +5 ring of evasion
 Q - a +2 amulet of reflection (around neck)
Wands
 a - a wand of enslavement (20/24)
 b - a wand of paralysis (12/24)
 c - a wand of acid (9/15)
 k - a wand of confusion (30/48)
 s - a wand of confusion (30/48)
 B - a wand of digging (4/24)
 S - a wand of digging (5/24)
Scrolls
 e - 26 scrolls of remove curse
 i - 3 scrolls of fear
 m - 3 scrolls of fog
 t - 9 scrolls of identify
 u - 6 scrolls of recharging
 F - 5 scrolls of enchant armour
 X - 2 scrolls of blinking
Potions
 f - 7 potions of lignification
 h - 2 potions of agility
 j - 19 potions of curing
 q - a potion of cancellation
 D - 2 potions of flight
 H - 5 potions of brilliance
 K - a potion of heal wounds
 N - a potion of magic
 T - 3 potions of resistance
 V - a potion of ambrosia
Books
 y - a book of the Sky

   Spells                             Type                      Level
   a - Summon Lightning Spire         Summoning/Air                4
   b - Silence                        Hexes/Air                    5
   c - Deflect Missiles               Charms/Air                   6
   d - Conjure Ball Lightning         Conjuration/Air              6
   e - Tornado                        Air                          9
Comestibles
 d - 9 bread rations


   Skills:
 + Level 13.0 Fighting
 - Level 16.0 Short Blades
 + Level 20.2 Dodging
 O Level 27 Stealth
 + Level 4.6 Shields
 + Level 18.1 Spellcasting
 + Level 20.4 Hexes


You had 25 spell levels left.
You knew the following spells:

 Your Spells              Type           Power        Failure   Level  Hunger
a - Ensorcelled Hibernat  Hex/Ice        ######       1%          2    None
b - Corona                Hex            #######      0%          1    None
c - Confuse               Hex            #######.     0%          3    None
d - Tukima's Dance        Hex            #######.     0%          3    None
e - Dazzling Spray        Conj/Hex       ######       1%          3    None
f - Cause Fear            Hex            #######...   0%          4    None
g - Silence               Hex/Air        ######....   1%          5    #......
h - Invisibility          Hex            #######.     1%          6    ####...
i - Spectral Weapon       Hex/Chrm       ######..     1%          3    None
j - Apportation           Tloc           ###...       2%          1    None


Dungeon Overview and Level Annotations

Branches:
Dungeon (15/15)            Temple (1/1) D:7            Lair (6/6) D:11
 Shoals (4/4) Lair:3       Spider (4/4) Lair:3        Slime (0/5) Lair:5
    Orc (2/2) D:12            Elf (1/3) Orc:2        Vaults (4/5) D:13
  Crypt (0/3) Vaults:2     Depths (1/5) D:15

Altars:
Ashenzari
Cheibriados
Dithmenos
Elyvilon
Fedhas
Gozag
Hepliaklqana
Kikubaaqudgha
Makhleb
Nemelex Xobeh
Okawaru
Qazlal
Ru
Sif Muna
Trog
Uskayaw
Vehumet
Wu Jian
Xom
Yredelemnul
Zin
The Shining One
Beogh
Jiyva

Shops:
D:11 %   D:15 *   Orc:2 %[?=   Shoals:1 }*==(   Vaults:1 =!=}}   Vaults:2 }
Vaults:4 (

Portals:
Abyss: Depths:1

Annotations:
Vaults:4 Sojobo
Depths:1 the Enchantress


Innate Abilities, Weirdness & Mutations

You are very small and have problems with some larger weapons.
You are too small for most types of armour.
You have supernaturally acute eyesight. (SInv)
You are a herbivore.
You cover ground extremely quickly.
You need consume almost no food.
You are partially covered in thin metallic scales. (AC +2)
Your skin changes colour to match your surroundings (Stealth+).
Your mind is acute. (Int +2)
You occasionally shout uncontrollably at your foes.


Message History

The tentacled monstrosity tentacle-slaps you but does no damage.
The tentacled monstrosity closely misses you.
* * * LOW HITPOINT WARNING * * *
The tentacled monstrosity constricts you!
You hit Sojobo but do no damage. Lightning courses through Sojobo!
Sojobo is heavily wounded.
Your shadow misses Sojobo.
Your spectral weapon hits Sojobo!
Lightning courses through Sojobo!
Unknown command.
You completely miss Sojobo.
Sojobo is severely wounded.
Your shadow misses Sojobo.
Your spectral weapon hits Sojobo but does no damage.
The tentacled monstrosity tentacle-slaps you!
* * * LOW HITPOINT WARNING * * *
The tentacled monstrosity tentacle-slaps you but does no damage. x2
* * * LOW HITPOINT WARNING * * *
The tentacled monstrosity constricts you.
Sojobo hits you with a great sword of holy wrath!!
You die...

.......#......#.##§##.# #....u
.......#......#.##.##.# #....u
.(..)..########.......# #...uc
#'##################'############
#(.((............§...)........ .§
#.....(..........§.(......[......
#....)..)....§§§§...............Z
#.......)...§§§§(X...............
#.....)()...§§§§@QQ*.)...........
#.....#########§#####'###########
#.....# .§.# #)......... #.....#
....# #.*........ #.....# ....#
#.......... #.....# ...>.#
#.......... #.....# ......#
#.......... #.....# #......#
#........## #.....# #........#


You could see Sojobo, a tentacled monstrosity, a tengu reaver, a battlesphere
and a friendly spectral rapier of electrocution.

Vanquished Creatures
  Mennas (Vaults:4)
  Boris (twice) (Vaults:2 Vaults:4)
  Xtahua (Vaults:3)
  Nikola (Vaults:3)
  Arachne (Spider:4)
  A lich (Vaults:3)
  A kraken (Shoals:3)
  Gastronok (D:8)
  Agnes (Spider:3)
  Kirke (Shoals:1)
  A storm dragon (Vaults:3)
  The ghost of ShlomoShekels the Summoner, a journeyman DrFE of Vehumet (Spider:2)
  Ilsuiw (Shoals:4)
  A deep elf sorcerer (Vaults:4)
  2 tengu reavers (Vaults:4)
  An orc warlord (Orc:1)
  6 ghost moths
  A fire giant (Vaults:4)
  A frost giant (Vaults:4)
  6 vault wardens
  Aizul (Shoals:2)
  5 emperor scorpions
  6 stone giants
  6 very ugly things
  9 ironheart preservers
  4 entropy weavers
  The ghost of Pnyx the Unseen, a journeyman SpEn of Dithmenos (Orc:2)
  A deep elf annihilator (Vaults:4)
  7 deep elf demonologists
  6 spark wasps
  A dire elephant (Lair:6)
  2 deep elf death magi
  10 merfolk javelineers
  14 yaktaur captains
  A deep elf high priest (Elf:1)
  Josephine (Shoals:1)
  6 merfolk impalers
  A great orb of eyes (D:13)
  2 rakshasas
  2 vault guards
  11 hydras
  Erolcha (Orc:2)
  2 ice dragons
  12 centaur warriors
  5 merfolk aquamancers
  4 merfolk avatars
  2 catoblepae
  An alligator snapping turtle (Shoals:4)
  12 ogre magi
  A deep troll shaman (Vaults:2)
  A deep troll earth mage (Vaults:2)
  3 dancing weapons (Elf:1)
  13 death yaks
  33 two-headed ogres
  A vampire mage (Depths:1)
  Sonja (D:11)
  An orc high priest (Orc:1)
  12 deep elf knights
  A shadow wraith (Vaults:3)
  A fire crab (Lair:5)
  12 skeletal warriors
  3 small abominations (Elf:1)
  22 sea snakes
  7 deep trolls
  3 unseen horrors
  9 wizards
  3 lindwurms
  2 necromancers
  16 deep elf archers
  A glowing orange brain (Vaults:3)
  8 ironbrand convokers
  32 harpies
  A fire giant zombie (Vaults:3)
  14 orb spiders
  17 orc knights
  49 wolf spiders
  A wolf spider zombie (D:12)
  16 manticores
  A faun (shapeshifter) (Vaults:1)
  44 deep elf magi
  8 orc sorcerers
  A mana viper (shapeshifter) (Vaults:3)
  7 fauns
  A cyclops (shapeshifter) (Vaults:3)
  11 elephants
  2 moths of wrath
  6 ugly things
  16 cyclopes
  7 black mambas
  5 merfolk sirens
  A frost giant skeleton (Vaults:4)
  10 water nymphs
  A gargoyle (D:11)
  Joseph (D:7)
  Maurice (D:12)
  A guardian serpent (shapeshifter) (Vaults:3)
  6 vault sentinels
  2 ice statues (IceCv)
  3 rime drakes
  A torpor snail (Spider:2)
  9 spiny frogs
  5 komodo dragons
  7 freezing wraiths
  The ghost of casual the Changer, a novice DsTm of Cheibriados (D:5)
  36 yaktaurs
  A kobold demonologist (D:12)
  3 yaktaur zombies
  14 demonic crawlers
  3 tengu conjurers
  22 merfolk
  A yaktaur skeleton (Vaults:4)
  5 trolls
  A polar bear (shapeshifter) (Vaults:1)
  29 jumping spiders
  10 polar bears
  A tengu simulacrum (Vaults:3)
  14 slime creatures
  9 wind drakes
  A wind drake (shapeshifter) (D:13)
  21 hornets
  A raiju (Lair:6)
  8 snapping turtles
  14 blink frogs
  16 hippogriffs
  8 dream sheep
  A stone giant simulacrum (Vaults:1)
  An air elemental (Elf:1)
  57 redbacks
  29 tarantellas
  3 wyverns
  2 shadows (D:12)
  5 wraiths
  A vampire (D:11)
  33 yaks
  2 basilisks
  A fire elemental (Elf:1)
  3 hungry ghosts
  6 water elementals
  A yaktaur simulacrum (Vaults:3)
  9 vampire mosquitoes
  A human simulacrum (Vaults:1)
  A warg (shapeshifter) (Vaults:1)
  3 acid dragons
  13 wargs
  4 water moccasins
  7 porcupines
  60 orc warriors
  14 hell hounds (Lair:6)
  10 ice beasts
  6 sky beasts
  A black bear (shapeshifter) (Vaults:1)
  An eye of draining (D:15)
  11 black bears (Lair:6)
  32 wolves
  29 centaurs
  An elf zombie (Vaults:3)
  27 ogres
  A human skeleton (Vaults:4)
  8 boggarts
  11 crocodiles
  2 big kobolds
  17 bullfrogs
  2 wyvern zombies
  A gnoll sergeant (D:9)
  2 wyvern skeletons
  6 scorpions
  An elf simulacrum (Vaults:2)
  6 killer bees
  4 howler monkeys
  5 crimson imps
  6 centaur zombies
  3 electric eels (Lair:6)
  2 bullfrog zombies
  7 jellies
  20 orc priests
  3 centaur skeletons
  10 hounds
  20 orc wizards
  2 bullfrog skeletons (D:6)
  2 iguanas
  6 hell rats (Lair:5)
  11 worker ants
  A howler monkey zombie (D:7)
  5 gnolls
  10 adders
  9 shadow imps
  7 oozes
  3 adder zombies
  An adder skeleton (D:8)
  3 worms
  3 dart slugs (D:1)
  5 leopard geckos
  70 orcs
  A giant cockroach (D:3)
  11 goblins
  12 hobgoblins
  16 jackals
  2 quokkas (D:11)
  2 ball pythons
  12 bats
  4 frilled lizards
  11 kobolds
  A leopard gecko zombie (D:7)
  6 rats
  A crawling corpse (Elf:1)
1557 creatures vanquished.

Vanquished Creatures (collateral kills)
  2 gnolls
2 creatures vanquished.

Vanquished Creatures (others)
  An ironheart preserver (Vaults:2)
  A deep elf high priest (Elf:1)
  A merfolk aquamancer (Shoals:2)
  A cyclops (Shoals:1)
  A deep elf mage (Elf:1)
  An orc sorcerer (Vaults:4)
  2 yaktaurs
  A merfolk (Shoals:2)
  A spriggan (Lair:5)
  An air elemental (Elf:1)
  A fire elemental (Elf:1)
  3 humans
  A warg (Vaults:2)
  An orc warrior (Vaults:4)
  An ogre (Vaults:3)
  4 centaurs
  An orc wizard (Elf:1)
  5 orcs
  A bush (Lair:5)
  5 fungi
  11 plants
45 creatures vanquished.

Grand Total: 1604 creatures vanquished

Notes
Turn   | Place    | Note
-------+----------+-------------------------------------------
     0 | D:1      | Pnyx the Spriggan Enchanter began the quest for the Orb.
     0 | D:1      | Reached XP level 1. HP: 9/9 MP: 5/5
   194 | D:1      | Reached XP level 2. HP: 13/13 MP: 7/7
   198 | D:1      | Learned a level 2 spell: Ensorcelled Hibernation
  1082 | D:1      | Reached XP level 3. HP: 15/16 MP: 1/9
  1089 | D:1      | Learned a level 3 spell: Confuse
  1093 | D:1      | Learned a level 3 spell: Tukima's Dance
  2539 | D:2      | Found a glowing golden altar of the Shining One.
  2655 | D:2      | Found an iron altar of Okawaru.
  3041 | D:2      | Reached XP level 4. HP: 21/21 MP: 11/11
  3236 | D:3      | Found a white marble altar of Elyvilon.
  3243 | D:3      | Reached skill level 5 in Hexes
  3323 | D:3      | Reached XP level 5. HP: 24/24 MP: 12/12
  3979 | D:4      | Found an ancient bone altar of Kikubaaqudgha.
  4026 | D:4      | Found a basalt altar of Yredelemnul.
  4391 | D:5      | Entered Level 5 of the Dungeon
  4442 | D:5      | Learned a level 3 spell: Dazzling Spray
  4600 | D:5      | Reached XP level 6. HP: 28/28 MP: 3/14
  4808 | D:5      | Reached skill level 5 in Spellcasting
  4885 | D:5      | Noticed casual's ghost (novice DsTm)
  5252 | D:5      | Killed casual's ghost
  5252 | D:5      | Reached XP level 7. HP: 32/32 MP: 12/16
  5790 | D:6      | Reached skill level 5 in Stealth
  5820 | D:6      | Reached skill level 6 in Stealth
  6277 | D:6      | Reached skill level 7 in Stealth
  6277 | D:6      | Reached XP level 8. HP: 36/36 MP: 17/17
  6457 | D:6      | Found a shadowy altar of Dithmenos.
  6469 | D:6      | Became a worshipper of Dithmenos the Shadowed
  6526 | D:6      | Reached skill level 8 in Stealth
  6716 | D:6      | Reached skill level 9 in Stealth
  7160 | D:7      | Reached skill level 10 in Stealth
  7163 | D:7      | Reached * piety under Dithmenos
  7542 | D:7      | Got an iridescent scimitar
  7543 | D:7      | Identified the +1 scimitar of Makhleb's Whim {freeze, rElec Str-3 Int+2} (You found it on level 7 of the Dungeon)
  7699 | D:7      | Reached skill level 11 in Stealth
  7706 | D:7      | Reached XP level 9. HP: 36/39 MP: 5/18
  8183 | D:7      | Noticed Joseph
  8190 | D:7      | Killed Joseph
  8217 | D:7      | Reached skill level 12 in Stealth
  8269 | D:7      | Found a staircase to the Ecumenical Temple.
  8280 | Temple   | Entered the Ecumenical Temple
  8891 | D:8      | Noticed Gastronok
  8926 | D:8      | Killed Gastronok
  8926 | D:8      | Reached skill level 15 in Stealth
  8926 | D:8      | Reached XP level 10. HP: 30/44 MP: 2/19
  9188 | D:8      | Reached ** piety under Dithmenos
  9199 | D:8      | Found an opulent altar of Gozag.
  9354 | D:8      | Reached skill level 1 in Fighting
  9524 | D:9      | You fall through a shaft!
  9524 | D:10     | Entered Level 10 of the Dungeon
  9539 | D:10     | Got a glittering amber ring
  9540 | D:10     | Identified the ring of Qotior {+Fly rN+ Str+3 Int+2} (You found it on level 10 of the Dungeon)
  9573 | D:10     | Noticed a two-headed ogre
  9586 | D:10     | Killed a two-headed ogre
  9927 | D:9      | Found a sacrificial altar of Ru.
  9928 | D:9      | Found a sparkling altar of Nemelex Xobeh.
  9928 | D:9      | Found a snail-covered altar of Cheibriados.
  9930 | D:9      | Found a shimmering altar of Xom.
  9931 | D:9      | Found a shadowy altar of Dithmenos.
  9933 | D:9      | Found a glowing golden altar of the Shining One.
 10059 | D:9      | Found a flagged portal.
 10073 | Bailey   | Entered a bailey
 10081 | Bailey   | Noticed a deep elf mage
 10094 | Bailey   | Killed a deep elf mage
 10445 | Bailey   | Noticed a deep elf mage
 10446 | Bailey   | Noticed a deep elf mage
 10446 | Bailey   | Noticed a deep elf mage
 10447 | Bailey   | Noticed a deep elf mage
 10448 | Bailey   | Killed a deep elf mage
 10452 | Bailey   | Noticed a deep elf mage
 10453 | Bailey   | Killed a deep elf mage
 10453 | Bailey   | Reached skill level 5 in Dodging
 10455 | Bailey   | Noticed a deep elf mage
 10456 | Bailey   | Killed a deep elf mage
 10456 | Bailey   | Reached XP level 11. HP: 50/50 MP: 20/22
 10463 | Bailey   | Killed a deep elf mage
 10468 | Bailey   | Noticed a deep elf knight
 10472 | Bailey   | Killed a deep elf knight
 10496 | Bailey   | Killed a deep elf mage
 10504 | Bailey   | Noticed a deep elf mage
 10504 | Bailey   | Noticed a deep elf mage
 10507 | Bailey   | Killed a deep elf mage
 10510 | Bailey   | Killed a deep elf mage
 10510 | Bailey   | Reached skill level 16 in Stealth
 10534 | Bailey   | Killed a deep elf mage
 10851 | D:9      | Noticed a wizard
 10854 | D:9      | Noticed an orc sorcerer
 10857 | D:9      | Killed an orc sorcerer
 10859 | D:9      | Killed a wizard
 10878 | D:9      | Learned a level 4 spell: Cause Fear
 10884 | D:9      | Learned a level 5 spell: Silence
 11198 | D:9      | Found a deep blue altar of Sif Muna.
 11199 | D:9      | Found a glowing silver altar of Zin.
 11204 | D:9      | Found a white marble altar of Elyvilon.
 11523 | D:10     | Reached *** piety under Dithmenos
 11822 | D:11     | Found Anti's Food Boutique.
 11943 | D:11     | Found a staircase to the Lair.
 12229 | D:11     | Found a viscous altar of Jiyva.
 12507 | D:11     | Noticed Sonja
 12517 | D:11     | Killed Sonja
 12517 | D:11     | Reached skill level 17 in Stealth
 12623 | D:11     | Noticed an unseen horror
 12682 | D:11     | Noticed an unseen horror
 12685 | D:11     | Killed an unseen horror
 12685 | D:11     | Reached XP level 12. HP: 58/58 MP: 23/25
 13235 | D:12     | Reached **** piety under Dithmenos
 13613 | D:12     | Noticed Maurice
 13614 | D:12     | Noticed a two-headed ogre
 13617 | D:12     | Killed Maurice
 13662 | D:12     | Killed a two-headed ogre
 14160 | D:12     | Reached skill level 18 in Stealth
 14210 | D:12     | Noticed a centaur warrior
 14212 | D:12     | Killed a centaur warrior
 14247 | D:12     | Found a staircase to the Orcish Mines.
 14780 | D:12     | Noticed a centaur warrior
 14785 | D:12     | Noticed a seven-headed hydra
 14787 | D:12     | Killed a centaur warrior
 14787 | D:12     | Reached skill level 5 in Fighting
 14789 | D:12     | Killed a seven-headed hydra
 14947 | D:12     | Noticed a centaur warrior
 14968 | D:12     | Killed a centaur warrior
 15379 | D:13     | Noticed a great orb of eyes
 15431 | D:13     | Killed a great orb of eyes
 15535 | D:13     | Reached skill level 10 in Hexes
 15546 | D:13     | Reached XP level 13. HP: 48/63 MP: 13/27
 15910 | D:13     | Reached skill level 10 in Spellcasting
 16291 | D:13     | Reached skill level 19 in Stealth
 16296 | D:13     | Reached ***** piety under Dithmenos
 16365 | D:13     | Found a gate to the Vaults.
 16421 | D:14     | Reached skill level 10 in Dodging
 16430 | D:14     | Found a glowing golden altar of the Shining One.
 16580 | D:14     | Learned a level 6 spell: Invisibility
 16880 | D:14     | Found a flickering gateway to a bazaar.
 16886 | Bazaar   | Entered a bazaar
 16890 | Bazaar   | Found Yruucyc's Jewellery Boutique.
 16913 | Bazaar   | Found Amoodol's Magic Scroll Emporium.
 16936 | Bazaar   | Found Keliub's Gadget Boutique.
 16959 | Bazaar   | Found Noprah's Food Shoppe.
 17013 | Bazaar   | Bought a scroll of acquirement for 884 gold pieces
 17013 | Bazaar   | Bought a scroll of enchant weapon for 127 gold pieces
 17108 | D:14     | Found a sparkling altar of Nemelex Xobeh.
 17469 | D:14     | Learned a level 3 spell: Spectral Weapon
 17940 | Lair:1   | Entered Level 1 of the Lair of Beasts
 17973 | Lair:1   | Learned a level 1 spell: Apportation
 19166 | Lair:2   | Reached skill level 20 in Stealth
 19823 | Lair:3   | Found a hole to the Spider Nest.
 19846 | Lair:3   | HP: 3/65 [catoblepas (19)]
 20228 | Lair:3   | Found a staircase to the Shoals.
 21462 | Lair:3   | Reached XP level 14. HP: 29/70 MP: 24/30
 22244 | Lair:4   | Found a frozen archway.
 22264 | IceCv    | Entered an ice cave
 22266 | IceCv    | Found a transporter.
 22903 | Lair:4   | Reached skill level 21 in Stealth
 23597 | Lair:5   | Found a viscous altar of Jiyva.
 23598 | Lair:5   | Found a staircase to the Slime Pits.
 25332 | Lair:6   | Entered Level 6 of the Lair of Beasts
 26540 | Lair:6   | Reached skill level 22 in Stealth
 26863 | Lair:6   | Reached XP level 15. HP: 72/75 MP: 26/32
 26910 | Lair:6   | Reached skill level 15 in Short Blades
 29218 | Orc:1    | Entered Level 1 of the Orcish Mines
 29482 | Orc:1    | Noticed an orc warlord
 29489 | Orc:1    | Reached ****** piety under Dithmenos
 29493 | Orc:1    | Killed an orc warlord
 30313 | Orc:2    | Entered Level 2 of the Orcish Mines
 30414 | Orc:2    | Found a staircase to the Elven Halls.
 30756 | Orc:2    | Noticed Pnyx's ghost (journeyman SpEn)
 30821 | Orc:2    | Killed Pnyx's ghost
 30991 | Orc:2    | Found Dudghigu's Antique Armour Boutique.
 30991 | Orc:2    | Found Nihoguh's Magic Scroll Emporium.
 31000 | Orc:2    | Found Gaploota's Jewellery Shoppe.
 31015 | Orc:2    | Found Owozyn's Food Shop.
 31055 | Orc:2    | Noticed Erolcha
 31064 | Orc:2    | Killed Erolcha
 31064 | Orc:2    | Reached skill level 23 in Stealth
 31122 | Orc:2    | Bought a +2 amulet of reflection for 97 gold pieces
 31387 | Elf:1    | Entered Level 1 of the Elven Halls
 31461 | Elf:1    | Found a flickering gateway to a bazaar.
 31472 | Bazaar   | Entered a bazaar
 31473 | Bazaar   | Found Gaott's Distillery.
 31494 | Bazaar   | Found Wetem's Distillery.
 31496 | Bazaar   | Found Ziewyji's Gadget Boutique.
 31504 | Bazaar   | Found Laug Qocic's General Store.
 31513 | Bazaar   | Found Oniqonn's Distillery.
 31520 | Bazaar   | Bought a potion of heal wounds for 50 gold pieces
 31520 | Bazaar   | Bought 2 potions of heal wounds for 100 gold pieces
 31520 | Bazaar   | Bought a potion of heal wounds for 50 gold pieces
 31520 | Bazaar   | Bought a potion of brilliance for 40 gold pieces
 31520 | Bazaar   | Bought a potion of ambrosia for 80 gold pieces
 31520 | Bazaar   | Bought a potion of berserk rage for 50 gold pieces
 31531 | Bazaar   | Bought a scroll of identify for 22 gold pieces
 31531 | Bazaar   | Bought a scroll of identify for 22 gold pieces
 31548 | Bazaar   | Bought 2 potions of agility for 104 gold pieces
 31548 | Bazaar   | Bought a potion of haste for 130 gold pieces
 31548 | Bazaar   | Bought 2 potions of heal wounds for 130 gold pieces
 31548 | Bazaar   | Bought 2 potions of heal wounds for 130 gold pieces
 31568 | Bazaar   | Bought a potion of curing for 18 gold pieces
 31568 | Bazaar   | Bought a potion of agility for 24 gold pieces
 31568 | Bazaar   | Bought a potion of curing for 18 gold pieces
 31568 | Bazaar   | Bought a potion of heal wounds for 30 gold pieces
 31568 | Bazaar   | Bought a potion of might for 24 gold pieces
 31568 | Bazaar   | Bought 2 potions of curing for 36 gold pieces
 31588 | Bazaar   | Bought a potion of curing for 39 gold pieces
 31588 | Bazaar   | Bought a potion of agility for 52 gold pieces
 31588 | Bazaar   | Bought a potion of curing for 39 gold pieces
 31588 | Bazaar   | Bought a potion of curing for 39 gold pieces
 31588 | Bazaar   | Bought a potion of curing for 39 gold pieces
 31605 | Bazaar   | Bought a scroll of teleportation for 33 gold pieces
 31605 | Bazaar   | Bought a potion of curing for 33 gold pieces
 31616 | Bazaar   | Bought a potion of curing for 30 gold pieces
 31616 | Bazaar   | Bought a potion of curing for 30 gold pieces
 32261 | Elf:1    | Noticed an Executioner
 33036 | Elf:1    | Reached XP level 16. HP: 82/82 MP: 31/34
 33617 | D:15     | Entered Level 15 of the Dungeon
 33822 | D:15     | Found a blossoming altar of Fedhas.
 33852 | D:15     | Found Wyrun's Whimsical Warehouse.
 33904 | D:15     | Found a staircase to the Depths.
 34688 | Spider:1 | Entered Level 1 of the Spider Nest
 35304 | Spider:1 | Reached skill level 15 in Dodging
 35641 | Spider:1 | Reached skill level 24 in Stealth
 36549 | Spider:2 | Found a roughly hewn altar of Beogh.
 36876 | Spider:2 | Noticed ShlomoShekels's ghost (journeyman DrFE)
 36910 | Spider:2 | Killed ShlomoShekels's ghost
 37402 | Spider:3 | Reached XP level 17. HP: 88/88 MP: 36/36
 37990 | Spider:3 | Noticed Agnes
 37997 | Spider:3 | Killed Agnes
 38046 | Spider:3 | Reached skill level 15 in Hexes
 38688 | Spider:4 | Entered Level 4 of the Spider Nest
 39655 | Spider:4 | Noticed Arachne
 40196 | Spider:4 | Reached skill level 10 in Fighting
 40204 | Spider:4 | Paralysed by a hornet for 3 turns
 40809 | Spider:4 | Killed Arachne
 40815 | Spider:4 | Reached skill level 15 in Spellcasting
 41159 | Spider:4 | Got a gossamer rune of Zot
 42078 | Shoals:1 | Entered Level 1 of the Shoals
 42078 | Shoals:1 | Noticed Kirke
 42082 | Shoals:1 | Found Veikluzei's Jewellery Shop.
 42093 | Shoals:1 | Killed Kirke
 42126 | Shoals:1 | Reached XP level 18. HP: 45/94 MP: 35/38
 42139 | Shoals:1 | Found Lyituk's Assorted Antiques.
 42150 | Shoals:1 | Found Iquqo's Gadget Emporium.
 42183 | Shoals:1 | Found Cywihiud's Jewellery Emporium.
 42315 | Shoals:1 | Noticed Josephine
 42321 | Shoals:1 | Killed Josephine
 42585 | Shoals:1 | Reached skill level 25 in Stealth
 43106 | Shoals:1 | Found Sutoxt's Weapon Shoppe.
 43877 | Shoals:2 | Noticed Aizul
 43880 | Shoals:2 | Killed Aizul
 45486 | Shoals:3 | Got a brightly glowing amethyst amulet
 45487 | Shoals:3 | Identified the amulet of Headwati {+Rage rN+++ Dex-2 Slay-5 SInv} (You found it on level 3 of the Shoals)
 46081 | Shoals:4 | Entered Level 4 of the Shoals
 46125 | Shoals:4 | Noticed Ilsuiw
 46133 | Shoals:4 | Killed Ilsuiw
 46823 | Shoals:4 | Got a barnacled rune of Zot
 47162 | Shoals:4 | Reached XP level 19. HP: 100/100 MP: 32/40
 47723 | Shoals:4 | Got a flickering tin amulet
 47724 | Shoals:4 | Identified the amulet of Dees {+Fly rElec Regen+ Stlth-} (You found it on level 4 of the Shoals)
 48222 | Vaults:1 | Entered Level 1 of the Vaults
 48222 | Vaults:1 | Found Ezajaowk's Distillery.
 48250 | Vaults:1 | Bought a potion of resistance for 170 gold pieces
 48250 | Vaults:1 | Bought 2 potions of curing for 102 gold pieces
 48250 | Vaults:1 | Bought a potion of berserk rage for 85 gold pieces
 48287 | Vaults:1 | Found Kevu's Gadget Shoppe.
 48325 | Vaults:1 | Found Nevvyclu's Jewellery Boutique.
 48338 | Vaults:1 | Bought a +6 ring of protection for 1014 gold pieces
 48917 | Vaults:1 | Found Requbilo's Gadget Shoppe.
 49225 | Vaults:1 | Gained mutation: Your spells are a little harder to cast, but a little more powerful. [potion of mutation]
 49225 | Vaults:1 | Gained mutation: You are partially covered in thin metallic scales. (AC +2) [potion of mutation]
 49225 | Vaults:1 | Gained mutation: You possess an exceptional clarity of mind. [potion of mutation]
 50225 | Vaults:1 | Found Ahemett's Jewellery Emporium.
 50578 | Vaults:1 | Reached skill level 26 in Stealth
 51688 | Vaults:2 | Found a staircase to the Crypt.
 51688 | Vaults:2 | Found a basalt altar of Yredelemnul.
 51689 | Vaults:2 | Found an ancient bone altar of Kikubaaqudgha.
 51737 | Vaults:2 | Noticed Boris
 51765 | Vaults:2 | Killed Boris
 52276 | Vaults:2 | Reached XP level 20. HP: 106/106 MP: 41/41
 52322 | Vaults:2 | Got a transparent buckler
 52328 | Vaults:2 | Identified the +1 buckler of True Grit {rPois rCorr} (You acquired it on level 2 of the Vaults)
 52895 | Vaults:2 | Reached skill level 1 in Shields
 52921 | Vaults:2 | Found Lonwyilu's Gadget Emporium.
 53616 | Vaults:3 | Noticed Nikola
 53644 | Vaults:3 | Killed Nikola
 53692 | Vaults:3 | Gained mutation: You occasionally shout uncontrollably at your foes. [mutagenic glow]
 53963 | Depths:1 | Entered Level 1 of the Depths
 53966 | Depths:1 | Found a one-way gate to the infinite horrors of the Abyss.
 54073 | Depths:1 | Noticed the Enchantress
 56646 | Vaults:3 | Noticed Xtahua
 56653 | Vaults:3 | Killed Xtahua
 56688 | Vaults:4 | Noticed Mennas
 56692 | Vaults:4 | Killed Mennas
 56692 | Vaults:4 | Reached XP level 21. HP: 112/112 MP: 43/43
 57336 | Vaults:4 | Found Puir's Antique Weapon Boutique.
 57406 | Vaults:4 | Noticed Sojobo
 57845 | Vaults:4 | Reached skill level 27 in Stealth
 58399 | Vaults:4 | Lost mutation: You possess an exceptional clarity of mind. [potion of mutation]
 58399 | Vaults:4 | Lost mutation: Your spells are a little harder to cast, but a little more powerful. [potion of mutation]
 58399 | Vaults:4 | Gained mutation: Your mind is acute. (Int +2) [potion of mutation]
 58399 | Vaults:4 | Gained mutation: Your skin changes colour to match your surroundings (Stealth+). [potion of mutation]
 58441 | Vaults:4 | Noticed Boris
 58719 | Vaults:4 | Killed Boris
 59531 | Vaults:4 | Demolished by Sojobo

Vault maps used:
D:1:      dpeg_arrival_boxes_within_box
D:2:      nicolae_overflow_crystal_walls, first_bread, minmay_crystal_water,
          st_stairs_1, nicolae_tso_carved_into_rock
D:3:      elyvilon_altar_5
D:4:      cheibrodos_greedy_goblins, kennysheep_mini_moat, lemuel_crystal_altar,
          amethyst_killhole, kennysheep_crisscross
D:6:      nicolae_dithmenos_shadow_blocks
D:7:      minmay_temple_entry_purple_smoke, uniq_joseph
D:8:      nicolae_gozag_cash_rules_everything_around_me, uniq_gastronok
D:9:      cheibrodos_wizards_tower, minitemple, nicolae_overflow_hidden_temple,
          enter_bailey_2
D:11:     minmay_bloctagon, david_lair_generic, serial_shops, shop,
          hangedman_little_slice_of_home, dk_noncrumbling_4,
          small_chamber_with_monster, uniq_sonja
D:12:     erik_orc_3, uniq_maurice
D:13:     david_vaults_4
D:14:     serial_park_square3, serial_shops, bzr_entry_safe, basic_altar,
          hangedman_abyss_or_decor_jellyfish_corner
D:15:     grunt_enter_depths_snipers, fedhas_altar_3, nicolae_alphabet_shops
Temple:   dpeg_chambers_temple
Lair:3:   minmay_shoals_entry_hut, dummy_spider_entry, lab_entry_generic,
          infiniplex_staircase_pool_2
Lair:4:   portal_ice_cave_entry_pillars_1, beast_lair_carwin_10
Lair:5:   slime_altar_1, serial_bayou_pond_d, grunt_forest_large_clearing_hut
Lair:6:   hangedman_lair_in_review, hangedman_lair_caniforms_friends,
          serial_bayou_lake_a
Shoals:1: cheibrodos_shoals_three_sisters, serial_shops,
          nicolae_shop_overgrown_old_shop, nicolae_shop_crystal,
          nicolae_shop_crystal, shop, shop, st_cyclops, uniq_kirke,
          uniq_josephine
Shoals:2: nicolae_shoals_mertower, uniq_aizul
Shoals:4: shoals_end_simple, shoals_ilsuiw_ice
Spider:2: nicolae_spider_mines_2
Spider:3: uniq_agnes
Spider:4: johnstein_spider_rune_arachne_lair, spiders_nest_hornet_nest
Orc:2:    st_orc_rangers, uniq_erolcha
Elf:1:    serial_shops, bzr_firewalk, orc_legates
Vaults:1: ontoclasm_vaults_ring_large, ontoclasm_vaults_spin,
          vaults_dpeg_encased_lava, ontoclasm_vaults_tryst,
          nicolae_vaults_shelves_hall, v_misc_25,
          nicolae_vaults_mini_display_case, ontoclasm_vaults_gateway,
          nicolae_vaults_rhombus_7, v_misc_19, vaults_room_grunt_arrival_ludios,
          vaults_room_semicircle, grunt_vaults_funnel,
          ontoclasm_vaults_ring_small, serial_shops,
          nicolae_shop_temple_entry_statues_fountains, shop_statue, shop,
          shop_fountains, shop
Vaults:2: hangedman_vaults_cutoff, hangedman_vaults_maws,
          vaults_mumra_minichess_inversion, minmay_crypt_entry_necro_gods,
          nicolae_vaults_what_the_h, v_misc_10, vaults_mumra_minichess,
          ontoclasm_vaults_shuriken, ontoclasm_vaults_ring_large,
          vaults_room_hallway, serial_shops, shop, uniq_boris
Vaults:3: ontoclasm_vaults_gallery, grunt_vaults_twisty,
          ontoclasm_vaults_loading_screen, hangedman_vaults_pinch,
          nicolae_vaults_windows_and_doors_thing,
          nicolae_vaults_little_squares_6, nicolae_vaults_shelves_hall,
          vaults_room_grid, v_misc_23, v_misc_22, ontoclasm_vaults_twist,
          grunt_vaults_bifocal, v_pattern_2, nicolae_vaults_ring_of_whatevers,
          ontoclasm_vaults_fault, hangedman_vaults_corner_blocks, uniq_xtahua,
          uniq_nikola
Vaults:4: st_lines, vaults_room_fours, nicolae_vaults_rhombus_6,
          vaults_mumra_lcd, hangedman_vaults_stream,
          nicolae_vaults_three_branches, v_rooms_6, v_rooms_4, v_misc_19,
          hangedman_vaults_trim, grunt_vaults_focal, serial_shops,
          nicolae_shop_stone, nicolae_trove_entry_columns, uniq_mennas,
          uniq_boris, uniq_sojobo
Depths:1: hangedman_abyss_entry_splay, kennysheep_boxes, hangedman_geh_valley,
          serial_bayou_lagoon_a, cheibriados_altar_1, uniq_enchantress
Bazaar:   bazaar_jpeg_circle_common, bazaar_kb_twisted_cavern
Bailey:   bailey_polearm_3, bailey
IceCv:    ice_cave_statue_garden_teleport

Skill      XL: |  1  2  3  4  5  6  7  8  9 10 11 12 13 14 15 16 17 18 19 20 21 |
---------------+----------------------------------------------------------------+-----
Spellcasting   | 3 4 5 6 8 9 11 12 13 14 15 16 17 18 | 18.1
Hexes          | 4 5 6 7 8 10 11 12 13 14 16 18 19 20 | 20.4
Short Blades   | 12 13 14 15 16 | 16.0
Stealth        | 7 11 15 17 18 20 22 23 24 25 26 27 | 27.0
Fighting       | 2 3 5 6 7 8 9 10 11 12 13 | 13.0
Dodging        | 5 7 9 11 12 14 15 16 17 18 19 20 | 20.2
Shields        | 3 4 |  4.6

Action                   |  1- 3 |  4- 6 |  7- 9 | 10-12 | 13-15 | 16-18 | 19-21 || total
-------------------------+-------+-------+-------+-------+-------+-------+-------++-------
Melee: Dagger            |   100 |   187 |   236 |   377 |   572 |       |       ||  1472
       Quick blade       |       |       |       |       |   897 |  1311 |   749 ||  2957
       Rapier            |       |       |       |       |       |       |   537 ||   537
 Cast: Corona            |     3 |     1 |       |     2 |       |       |       ||     6
       Ensorcelled Hiber |    14 |    22 |    20 |    27 |    74 |    35 |    18 ||   210
       Confuse           |       |    16 |    13 |    27 |    46 |    33 |    60 ||   195
       Dazzling Spray    |       |       |    15 |    30 |    24 |    76 |    46 ||   191
       Tukima's Dance    |       |       |     1 |     2 |       |       |     1 ||     4
       Invisibility      |       |       |       |       |    29 |    29 |    26 ||    84
       Silence           |       |       |       |       |       |       |     1 ||     1
       Spectral Weapon   |       |       |       |       |       |       |     1 ||     1
Invok: Shadow Step       |       |       |       |     1 |       |     4 |     2 ||     7
Evoke: Wand              |       |       |       |       |     1 |     2 |       ||     3
  Use: Scroll            |     7 |     8 |     4 |    10 |    18 |     9 |    19 ||    75
       Potion            |     1 |     1 |     4 |     1 |    12 |    21 |    23 ||    63
 Stab: Sleeping          |    13 |    19 |    35 |    87 |   122 |   174 |   109 ||   559
       Confused          |       |     8 |     9 |    22 |    27 |    21 |    31 ||   118
       Invisible         |       |       |     5 |    10 |   171 |   161 |   169 ||   516
       Distracted        |       |       |     1 |     2 |    12 |    10 |     5 ||    30
       Held in net/web   |       |       |       |       |       |     1 |       ||     1
  Eat: Royal jelly       |       |     3 |       |     5 |     9 |    11 |     3 ||    31
       Fruit             |       |     1 |       |       |     7 |     4 |       ||    12
       Bread ration      |       |       |     1 |       |       |       |     2 ||     3
Armor: Robe              |    11 |    26 |    19 |    18 |    86 |    43 |    89 ||   292
Dodge: Dodged            |    78 |    81 |    94 |   257 |  1034 |   911 |   820 ||  3275
Block: Other             |       |       |       |       |     1 |    35 |    39 ||    75
       Reflection        |       |       |       |       |       |       |     5 ||     5
       Buckler           |       |       |       |       |       |       |     1 ||     1

Table legend:
 A = Spawn XP
 B = Non-spawn XP
 C = Spawn XP percentage of total XP
 D = Spawn monster count
 E = Non-spawn monster count
 F = Spawn count percentage of total count
 G = Total turns spent on level
                    A         B        C        D         E        F      G
               +---------+---------+-------+---------+---------+-------+---------
         Total |       0 |  638830 |   0.0 |       0 |    1568 |   0.0 | 59531
               +---------+---------+-------+---------+---------+-------+---------
           D:1 |       0 |      58 |   0.0 |       0 |      25 |   0.0 |  2052
           D:2 |       0 |      47 |   0.0 |       0 |       9 |   0.0 |  1184
           D:3 |       0 |      49 |   0.0 |       0 |      14 |   0.0 |   518
           D:4 |       0 |      68 |   0.0 |       0 |      11 |   0.0 |   637
           D:5 |       0 |     641 |   0.0 |       0 |      23 |   0.0 |  1001
           D:6 |       0 |    1092 |   0.0 |       0 |      37 |   0.0 |  1728
           D:7 |       0 |    1472 |   0.0 |       0 |      23 |   0.0 |  1454
           D:8 |       0 |    3490 |   0.0 |       0 |      14 |   0.0 |   702
           D:9 |       0 |    2402 |   0.0 |       0 |      21 |   0.0 |   940
          D:10 |       0 |    2494 |   0.0 |       0 |      15 |   0.0 |  1027
          D:11 |       0 |    6452 |   0.0 |       0 |      38 |   0.0 |  1332
          D:12 |       0 |   11076 |   0.0 |       0 |      60 |   0.0 |  2169
          D:13 |       0 |    7114 |   0.0 |       0 |      29 |   0.0 |  1271
          D:14 |       0 |    8847 |   0.0 |       0 |      28 |   0.0 |  1488
          D:15 |       0 |   18355 |   0.0 |       0 |      52 |   0.0 |  1400
        Lair:1 |       0 |    1448 |   0.0 |       0 |      10 |   0.0 |  1113
        Lair:2 |       0 |    5384 |   0.0 |       0 |      23 |   0.0 |  1136
        Lair:3 |       0 |    7743 |   0.0 |       0 |      28 |   0.0 |  2135
        Lair:4 |       0 |    9852 |   0.0 |       0 |      21 |   0.0 |   871
        Lair:5 |       0 |    9064 |   0.0 |       0 |      37 |   0.0 |  1777
        Lair:6 |       0 |   33053 |   0.0 |       0 |     109 |   0.0 |  3780
      Shoals:1 |       0 |   24809 |   0.0 |       0 |      42 |   0.0 |  1423
      Shoals:2 |       0 |   21117 |   0.0 |       0 |      40 |   0.0 |  1433
      Shoals:3 |       0 |   21491 |   0.0 |       0 |      35 |   0.0 |  1617
      Shoals:4 |       0 |   32505 |   0.0 |       0 |      53 |   0.0 |  1349
      Spider:1 |       0 |   20590 |   0.0 |       0 |      48 |   0.0 |  1767
      Spider:2 |       0 |   18473 |   0.0 |       0 |      46 |   0.0 |  1019
      Spider:3 |       0 |   12933 |   0.0 |       0 |      29 |   0.0 |  1626
      Spider:4 |       0 |   55965 |   0.0 |       0 |     105 |   0.0 |  2950
         Orc:1 |       0 |    6189 |   0.0 |       0 |      44 |   0.0 |  1180
         Orc:2 |       0 |    8964 |   0.0 |       0 |      57 |   0.0 |  1021
         Elf:1 |       0 |   22391 |   0.0 |       0 |      41 |   0.0 |  1910
      Vaults:1 |       0 |   48173 |   0.0 |       0 |      89 |   0.0 |  3022
      Vaults:2 |       0 |   66202 |   0.0 |       0 |     111 |   0.0 |  2242
      Vaults:3 |       0 |   73675 |   0.0 |       0 |     109 |   0.0 |  2604
      Vaults:4 |       0 |   58232 |   0.0 |       0 |      66 |   0.0 |  2843
      Depths:1 |       0 |    8243 |   0.0 |       0 |       6 |   0.0 |   126
        Bailey |       0 |    5894 |   0.0 |       0 |      10 |   0.0 |   563
         IceCv |       0 |    2783 |   0.0 |       0 |      10 |   0.0 |   537
               +---------+---------+-------+---------+---------+-------+---------
